 Dungeon Crawl Stone Soup version 0.29-a0-359-g541a27f54d (webtiles) character file.

Game seed: 3008799014700009895

49 Morbidden the Skirmisher (level 3, -3/33 HPs)
             Began as a Minotaur Fighter on Apr 28, 2022.
             Slain by an iguana (7 damage)
             ... on level 4 of the Dungeon.
             The game lasted 00:02:10 (2100 turns).

Morbidden the Skirmisher (Minotaur Fighter)         Turns: 2100, Time: 00:02:10

Health: -3/33      AC:  7    Str: 22    XL:     3   Next: 51%
Magic:  2/2        EV:  6    Int:  5    God:
Gold:   99         SH:  0    Dex:  9    Spells: 2/2 levels left

rFire   + . .      SeeInvis .   a - +0 war axe
rCold   + . .      Faith    .   (no shield)
rNeg    . . .      Spirit   .   g - +0 scale mail
rPois   +          Reflect  .   (helmet restricted)
rElec   +          Harm     .   (no cloak)
rCorr   +          Rampage  .   (no gloves)
Will    .....                   (no boots)
Stlth   ..........              (no amulet)
HPRegen 0.11/turn               (no ring)
MPRegen 0.08/turn               (no ring)

@: resistant, flying, constricted
A: horns 2, retaliatory headbutt
a: no special abilities


You were on level 4 of the Dungeon.
You visited 1 branch of the dungeon, and saw 3 of its levels.

You collected 99 gold pieces.

Inventory:

Hand Weapons
 a - a +0 war axe (weapon)
 b - a +0 triple crossbow
Armour
 g - a +0 scale mail (worn)
Scrolls
 f - 2 scrolls of fog {unknown}
 h - 2 scrolls of identify
 j - a scroll of fear {unknown}
 l - 4 scrolls of teleportation {unknown}
 m - 2 scrolls of immolation
 n - a scroll of brand weapon {unknown}
 p - a scroll of enchant armour {unknown}
 r - a scroll of torment {unknown}
 s - a scroll of blinking {unknown}
Potions
 c - a potion of resistance
 d - 2 potions of might
 e - 2 potions of flight
 i - a potion of curing
 k - a potion of brilliance {unknown}
 o - a potion of mutation {unknown}
 q - a potion of cancellation {unknown}
 t - a potion of ambrosia {unknown}
 u - a potion of attraction {unknown}
 v - a potion of magic {unknown}


   Skills:
 * Level 4.1 Fighting
 * Level 2.7 Axes
 * Level 1.8 Crossbows
 + Level 3.9 Armour
 * Level 0.4 Dodging
 * Level 0.4 Stealth
 - Level 3.7 Shields
 * Level 0.2 Spellcasting


You had 2 spell levels left.
You didn't know any spells.
Your spell library contained the following spells:

 Spells                   Type           Power      Damage    Failure   Level
 Magic Dart               Conj           0%         1d3       80%         1
 Searing Ray              Conj           0%         2d4       90%         2
 Fulminant Prism          Conj/Hex       0%         3d6       100%        4


Dungeon Overview and Level Annotations

Branches:
Dungeon (2/15)

Altars:


Innate Abilities, Weirdness & Mutations

You have a pair of horns on your head.
You reflexively headbutt those who attack you in melee.


Message History

The hobgoblin hits you.
The iguana bites you but does no damage.
The ball python bites you but does no damage.
The ball python constricts you.
The goblin shoots a sling bullet.
The sling bullet hits you but does no damage.
Unknown command.
Unknown command.
Unknown command.
As you read the scroll labelled QOTOEL WIMNEQ, it crumbles to dust.
It is a scroll of identify.
m - 2 scrolls of immolation The ball python closely misses you.
The ball python constricts you.
The iguana bites you but does no damage.
The hobgoblin hits you but does no damage.
The goblin shoots a sling bullet.
The sling bullet hits you but does no damage.
Unknown command.
Unknown command.
Okay, then.
Unknown command.
It was a potion of flight.
You feel very buoyant.
You fly up into the air.
The ball python bites you.
The ball python bites you but does no damage.
The ball python constricts you. The iguana bites you.
* * * LOW HITPOINT WARNING * * *
The hobgoblin hits you but does no damage.
The goblin shoots a sling bullet.
The sling bullet barely misses you.
The sling bullet barely misses the ball python.
Okay, then.
Unknown command.
It was a potion of resistance.
You feel protected. The ball python barely misses you. You furiously retaliate!
You headbutt the ball python!
You kill the ball python!
The ball python bites you.
* * * LOW HITPOINT WARNING * * *
The ball python constricts you. The iguana bites you!
You die...

...$..####
........ ##.
....... ....
..o..##....
.....l....
.o.[.....
#gl......
#@S...#
.....g..†##..#
...........
.............
..........##...
#........## .#
.......#.. #
#...... ..


You could see 2 iguanas, 2 orcs, a hobgoblin, a goblin and a ball python.

Vanquished Creatures
  An adder (D:2)
  A dart slug (D:2)
  2 bats
  2 endoplasms (D:2)
  A giant cockroach (D:1)
  5 hobgoblins
  4 jackals (D:2)
  5 kobolds
  3 quokkas
  5 ball pythons
  2 frilled lizards (D:2)
  3 goblins (D:2)
  A rat (D:2)
35 creatures vanquished.

Vanquished Creatures (others)
  A plant (D:1)
1 creature vanquished.

Grand Total: 36 creatures vanquished

Notes
Turn   | Place    | Note
-------+----------+-------------------------------------------
     0 | D:1      | Morbidden the Minotaur Fighter began the quest for the Orb.
     0 | D:1      | Reached XP level 1. HP: 19/19 MP: 0/0
   250 | D:1      | Found a faded altar of an unknown god.
   587 | D:1      | Reached XP level 2. HP: 27/27 MP: 1/1
   939 | D:1      | Reached skill level 4 in Fighting
  1296 | D:2      | Reached skill level 1 in Crossbows
  1624 | D:2      | Reached XP level 3. HP: 33/33 MP: 2/2
  2092 | D:2      | You fall into a shaft and drop 2 floors!
  2100 | D:4      | Slain by an iguana

Illustrated notes

Levels and vault maps discovered:
D:1:      kilobyte_arrival_exit_the_forest, layout_basic,
          basic_ecumenical_altar, serial_park_tiny_pond
D:2:      layout_loops_cross
D:4:      layout_cave_pools, lemuel_crystal_altar, palyth_stone_intersect,
          minmay_lizard_king, uniq_natasha, uniq_sigmund

Skill      XL: |  1  2 |
---------------+-------+-----
Fighting       | 4 |  4.1
Crossbows      | 1 |  1.8
Axes           | |  2.7
Armour         | |  3.9
Dodging        | |  0.4
Stealth        | |  0.4
Shields        | |  3.7
Spellcasting   | |  0.2

Action                   || total
-------------------------++-------
Melee: War axe           ||    20
       Headbutt          ||     1
 Fire: Triple crossbow   ||    61
  Use: Potion            ||     3
       Scroll            ||     1
Armor: Scale mail        ||    58
Dodge: Dodged            ||    49

Table legend: (Time is in decaauts)
 A = Elapsed time spent in this place.
 B = Non-inter-level travel time spent in this place.
 C = Inter-level travel time spent in this place.
 D = Time resting spent in this place.
 E = Time spent auto-exploring this place.
 F = Levels seen in this place.
 G = Mean time per level.
                   A        B        C        D        E       F      G
               +--------+--------+--------+--------+--------+-----+--------+
         Total |   2192 |   2146 |     46 |    307 |   1559 |   3 |  730.7 |
       Dungeon |   2192 |   2146 |     46 |    307 |   1559 |   3 |  730.7 |
               +--------+--------+--------+--------+--------+-----+--------+

Top non-repeatable levels by time:
     D:2: 1090 daAuts
     D:1: 1088 daAuts
     D:4: 12 daAuts
